 Dungeon Crawl Stone Soup version 0.28.0-43-g3370ac3207 (webtiles) character file.

Game seed: 9102751811400001063

1123 CrazyMind the Cleaver (level 8, -1/69 HPs)
             Began as a Deep Dwarf Gladiator on Mar 4, 2022.
             Was an Initiate of Makhleb.
             Killed by divine providence
             ... invoked by an orc priest
              (13 damage)
             ... on level 6 of the Dungeon on Mar 5, 2022.
             The game lasted 00:29:39 (5261 turns).

CrazyMind the Cleaver (Deep Dwarf Gladiator)        Turns: 5261, Time: 00:29:41

Health: -1/69      AC: 12    Str: 21    XL:     8   Next: 13%
Magic:  10/10      EV: 12    Int:  8    God:    Makhleb [......]
Gold:   230        SH:  0    Dex: 14    Spells: 7/7 levels left

rFire   . . .      SeeInvis .   b - +0 hand axe (venom)
rCold   . . .      Faith    .   (no shield)
rNeg    + . .      Spirit   .   f - +0 ring mail
rPois   .          Reflect  .   c - +0 helmet
rElec   .          Harm     .   (no cloak)
rCorr   .          Rampage  .   p - +0 pair of gloves
Will    +....                   k - +0 pair of boots
Stlth   +.........              (no amulet)
HPRegen 0.00/turn               i - ring of positive energy
MPRegen 0.12/turn               q - +4 ring of protection

@: no status effects
A: damage resistance, heal wounds, sense surroundings 1, no regeneration
a: Heal Wounds, Renounce Religion


You were on level 6 of the Dungeon.
You worshipped Makhleb.
Makhleb was noncommittal.
You visited 2 branches of the dungeon, and saw 7 of its levels.

You collected 230 gold pieces.

Inventory:

Hand Weapons
 a - a +0 war axe
 b - a +0 hand axe of venom (weapon)
 B - a +1 vampiric whip
Missiles
 d - 3 throwing nets
 g - 113 stones
 r - 2 silver boomerangs (quivered)
 E - 10 poisoned darts
Armour
 c - a +0 helmet (worn)
 f - a +0 ring mail (worn)
 k - a +0 pair of boots (worn)
 p - a +0 pair of gloves (worn)
Jewellery
 i - a ring of positive energy (left hand)
 q - a +4 ring of protection (right hand)
Scrolls
 m - a scroll of acquirement {unknown}
 u - 3 scrolls of teleportation {unknown}
 v - a scroll of torment {unknown}
 w - 2 scrolls of identify {unknown}
 x - 3 scrolls of enchant weapon {unknown}
 y - 2 scrolls of noise {unknown}
 z - a scroll of holy word {unknown}
 A - 2 scrolls of fog {unknown}
 D - a scroll of fear {unknown}
 F - a scroll of immolation {unknown}
Potions
 e - a potion of haste {unknown}
 h - 2 potions of curing {unknown}
 j - a potion of heal wounds {unknown}
 l - 3 potions of flight {unknown}
 n - a potion of magic {unknown}
 o - 2 potions of resistance {unknown}
 s - a potion of might {unknown}
 t - a potion of degeneration {unknown}
 C - a potion of lignification {unknown}


   Skills:
 + Level 3.0 Fighting
 * Level 8.5 Axes
 + Level 2.9 Throwing
 + Level 2.7 Armour
 + Level 4.6 Dodging
 + Level 1.7 Stealth
 * Level 3.4 Invocations


You had 7 spell levels left.
You didn't know any spells.
Your spell library contained the following spells:

 Spells                   Type           Power      Damage    Failure   Level
 Ensorcelled Hibernation  Hex/Ice        0%         N/A       71%         2
 Passwall                 Tmut/Erth      0%         N/A       71%         2
 Swiftness                Air            0%         N/A       91%         3


Dungeon Overview and Level Annotations

Branches:
Dungeon (6/15)             Temple (1/1) D:4

Altars:
Ashenzari
Cheibriados
Dithmenos
Fedhas
Gozag
Hepliaklqana
Kikubaaqudgha
Makhleb
Nemelex Xobeh
Okawaru
Qazlal
Ru
Trog
Vehumet
Wu Jian
Xom

Shops:
D:2 [


Innate Abilities, Weirdness & Mutations

You are resistant to damage.
You can heal yourself by infusing magical energy.
You passively map a small area around you.
You do not regenerate.


Message History

You hit the orc priest.
The orc priest is lightly wounded.
You hit the orc priest.
You feel better.
The orc priest is moderately wounded.
The orc priest hits you with a +0 club.
* * * LOW HITPOINT WARNING * * *
You hit the orc priest.
You feel better.
The orc priest is moderately wounded.
The orc closely misses you.
You feel the dreadful sensation subside.
Your +0 hand axe of venom begins to drip with poison!
b - a +0 hand axe of venom (weapon)
The orc priest hits you with a +0 club.
You hit the orc priest.
The orc priest is severely wounded.
You hit the orc.
The orc is poisoned.
The orc closely misses you.
The orc priest hits you but does no damage.
You hit the orc priest.
The orc priest is almost dead.
You hit the orc.
You kill the orc!
Makhleb accepts your kill. The orc priest closely misses you.
You barely miss the orc priest.
The orc priest is almost dead.
You hit the orc.
The orc is poisoned.
The orc misses you.
You closely miss the orc priest.
The orc priest is almost dead.
You barely miss the orc.
The orc priest mumbles some strange prayers to Beogh against you.
Pain shoots through your body!
* * * LOW HITPOINT WARNING * * *
You closely miss the orc priest.
The orc priest is almost dead.
You hit the orc.
You kill the orc!
Makhleb accepts your kill.
The orc priest calls down the wrath of Beogh upon you.
Beogh smites you!
You die...

#.....#.......##..# *O##
#..#.......#..##..## ....
####.......##..##..###.....
##.##......##..##.O........
#...###)).....###......#...
##.....<#......###....##...
#......###..##.......## #..
#....#####o)#...##....###..
##...#.##.@#............#..
#...#.....#.............#.
###...##..#..o..........#.
##.########.............
### #.......)......
###o.o.........
##o.#...#.#..#
##.......#...)#
##............).


You could see an orc priest.

Vanquished Creatures
  An ice beast (D:5)
  A black bear (D:6)
  An ogre (D:6)
  2 centaurs
  A phantom (D:3)
  A kobold brigand (D:5)
  A scorpion (D:5)
  A water moccasin skeleton (D:5)
  2 hounds
  A jelly (D:4)
  An orc priest (D:6)
  4 orc wizards
  Robin (D:3)
  9 adders
  A white imp (D:6)
  An ufetubus (D:5)
  An adder skeleton (D:4)
  2 worms
  2 dart slugs
  15 orcs
  6 endoplasms
  5 giant cockroaches
  11 goblins
  3 hobgoblins
  8 quokkas
  4 ball pythons (D:2)
  7 bats
  3 frilled lizards
  13 kobolds
  7 rats
116 creatures vanquished.

Notes
Turn   | Place    | Note
-------+----------+-------------------------------------------
     0 | D:1      | CrazyMind the Deep Dwarf Gladiator began the quest for the
                  | Orb.
     0 | D:1      | Reached XP level 1. HP: 19/19 MP: 1/1
   277 | D:1      | Reached XP level 2. HP: 26/26 MP: 2/2
  1025 | D:2      | Reached skill level 4 in Axes
  1025 | D:2      | Reached XP level 3. HP: 28/32 MP: 3/3
  1488 | D:2      | Reached XP level 4. HP: 21/39 MP: 4/4
  1517 | D:2      | Found Ficung's Armour Shoppe.
  2169 | D:3      | Reached skill level 1 in Armour
  2442 | D:3      | Reached skill level 5 in Axes
  2443 | D:3      | Reached XP level 5. HP: 23/45 MP: 5/5
  2806 | D:3      | Noticed Robin
  2828 | D:3      | Killed Robin
  2889 | D:3      | You fall into a shaft and drop 1 floor!
  2957 | D:4      | Reached skill level 6 in Axes
  2967 | D:4      | Reached XP level 6. HP: 24/52 MP: 6/6
  3034 | D:4      | Found a staircase to the Ecumenical Temple.
  3044 | Temple   | Entered the Ecumenical Temple
  3163 | Temple   | Became a worshipper of Makhleb the Destroyer
  3343 | D:3      | Reached skill level 1 in Stealth
  4009 | D:5      | Entered Level 5 of the Dungeon
  4014 | D:5      | Reached skill level 1 in Invocations
  4056 | D:5      | Noticed an ice beast
  4231 | D:5      | Reached skill level 7 in Axes
  4379 | D:5      | Reached XP level 7. HP: 24/61 MP: 6/8
  4662 | D:5      | Found a bloodstained altar of Trog.
  4995 | D:6      | Reached skill level 8 in Axes
  5083 | D:6      | Reached XP level 8. HP: 34/68 MP: 10/10
  5261 | D:6      | Killed from afar by an orc priest

Illustrated notes

Levels and vault maps discovered:
D:1:      ncdulo_smallfort, layout_loops_ring
D:2:      minmay_kobold_bridge, layout_basic, serial_shops, shop
D:3:      layout_loops_ring, uniq_robin
D:4:      layout_loops_ring, minmay_temple_entry_nine_rooms
D:5:      layout_basic, nicolae_overflow_hidden_temple
D:6:      layout_cave_pools, serial_shops, kennysheep_little_box
Temple:   regret_index_temple_waves

Skill      XL: |  1  2  3  4  5  6  7  8 |
---------------+-------------------------+-----
Fighting       | 2 3 |  3.0
Throwing       | 2 |  2.9
Axes           | 4 5 6 7 8 |  8.5
Armour         | 1 2 |  2.7
Stealth        | 1 |  1.7
Dodging        | 4 |  4.6
Invocations    | 1 3 |  3.4

Action                   |  1- 3 |  4- 6 |  7- 9 || total
-------------------------+-------+-------+-------++-------
Melee: War axe           |    93 |   102 |    22 ||   217
       Punch             |       |     1 |     1 ||     2
       Hand axe          |       |    32 |    37 ||    69
       Whip              |       |    27 |    39 ||    66
Throw: Stone             |    27 |    63 |     4 ||    94
       Boomerang         |       |    12 |     6 ||    18
       Dart              |       |       |     9 ||     9
 Abil: Heal Wounds       |       |     1 |     1 ||     2
  Use: Scroll            |       |     2 |       ||     2
 Stab: Sleeping          |     1 |       |       ||     1
Armor: Leather armour    |     2 |       |       ||     2
       Ring mail         |    16 |    70 |    39 ||   125
Dodge: Dodged            |    69 |    90 |    58 ||   217
